 Dungeon Crawl Stone Soup version 0.30.0-29-ga12c61a403 (webtiles) character file.

Game seed: 12854759802856327519

20952 cdecastro the Summoner (level 12, -3/91 HPs)
             Began as a Merfolk Summoner on June 23, 2023.
             Was a High Priest of Dithmenos.
             Slain by a skeletal warrior
             ... wielding a +0 long sword
              (14 damage)
             ... on level 13 of the Dungeon.
             The game lasted 00:54:35 (17188 turns).

cdecastro the Summoner (Merfolk Summoner)          Turns: 17188, Time: 00:54:36

Health: -3/91      AC: 10    Str: 13    XL:     12   Next: 84%
Magic:  13/22      EV: 16    Int: 22    God:    Dithmenos [*****.]
Gold:   752        SH:  0    Dex: 17    Spells: 7/24 levels left

rFire   + . .        j - +0 short sword (elec)
rCold   + . .        (no shield)
rNeg    . . .        s - +2 leather armour {rF+}
rPois   .            D - +0 helmet
rElec   .            p - +0 cloak
rCorr   .            t - +2 pair of gloves
SInv    +            (no boots)
Will    +....        u - amulet "Inohen" {Acrobat rC+ Str+4 SInv}
Stlth   ++++++       J - +6 ring of intelligence
HPRegen 0.35/turn    U - ring of willpower
MPRegen 0.18/turn

%: acrobat
@: wreathed by umbra
A: (nimble swimmer 2), mertail
a: Renounce Religion, Shadow Step, Shadow Form


You were on level 13 of the Dungeon.
You worshipped Dithmenos.
Dithmenos was extremely pleased with you.
You visited 2 branches of the dungeon, and saw 14 of its levels.
You also visited: Sewer.

You collected 752 gold pieces.

Inventory:

Hand Weapons
 j - a +0 short sword of electrocution (weapon)
 H - a +4 long sword
 I - a +4 vampiric dagger
Armour
 p - a +0 cloak (worn)
 s - a +2 leather armour of fire resistance (worn)
 t - a +2 pair of gloves (worn)
 D - a +0 helmet (worn)
 F - a +2 robe of resistance
Magical Staves
 c - a staff of conjuration
 h - a staff of cold
 z - a staff of poison
 E - a staff of earth
Jewellery
 f - an amulet of regeneration
 o - a ring of ice
 u - the amulet "Inohen" (around neck) {Acrobat rC+ Str+4 SInv}
   (You found it on level 4 of the Dungeon)

   [amulet of the acrobat]

   It increases your evasion while moving and waiting.
   Str:       It affects your strength (+4).
   rC:        It protects you from cold.
   SInv:      It lets you see invisible.
 y - an amulet of reflection
 J - a +6 ring of intelligence (left hand)
 N - a ring of resist corrosion
 U - a ring of willpower (right hand)
 V - a ring of wizardry
Wands
 O - a wand of charming (5)
 Q - a wand of mindburst (4)
 S - a wand of acid (5)
 T - a wand of roots (6)
Scrolls
 g - 6 scrolls of noise {unknown}
 i - 2 scrolls of magic mapping {unknown}
 m - 5 scrolls of teleportation {unknown}
 n - 3 scrolls of amnesia {unknown}
 q - 2 scrolls of vulnerability {unknown}
 v - a scroll of acquirement {unknown}
 x - 4 scrolls of enchant weapon {unknown}
 A - a scroll of poison {unknown}
 C - 2 scrolls of fear {unknown}
 M - a scroll of fog {unknown}
 P - 2 scrolls of enchant armour {unknown}
 R - 2 scrolls of butterflies {unknown}
 W - a scroll of immolation {unknown}
Potions
 a - 6 potions of degeneration
 b - a potion of magic
 d - 4 potions of haste
 e - 8 potions of curing
 k - 2 potions of attraction
 l - 2 potions of flight {unknown}
 r - 4 potions of brilliance
 w - 3 potions of lignification
 B - a potion of resistance
 G - 3 potions of heal wounds
 K - 2 potions of might
 L - a potion of cancellation


   Skills:
 - Level 7.0 Fighting
 - Level 10.6 Short Blades
 - Level 9.2 Dodging
 - Level 8.1 Stealth
 * Level 6.8 Spellcasting
 + Level 13.5 Summonings
 - Level 4.5 Invocations


You had 7 spell levels left.
You knew the following spells:

 Your Spells              Type           Power      Damage    Failure   Level
a - Summon Small Mammal   Summ           100%       N/A       1%          1
b - Call Imp              Summ           100%       N/A       1%          2
c - Call Canine Familiar  Summ           61%        N/A       1%          3
d - Summon Guardian Gole  Hex/Summ       37%        N/A       1%          3
e - Summon Lightning Spi  Summ/Air       37%        N/A       7%          4
f - Animate Armour        Summ/Erth      74%        N/A       7%          4

Your spell library contained the following spells:

 Spells                   Type           Power      Damage    Failure   Level
 Sting                    Tmut/Pois      28%        1d4       11%         1
 Ensorcelled Hibernation  Hex/Ice        14%        N/A       16%         2
 Passwall                 Tmut/Erth      5%         N/A       16%         2
 Poisonous Vapours        Pois/Air       14%        N/A       16%         2
 Stone Arrow              Conj/Erth      14%        3d7       32%         3
 Swiftness                Air            7%         N/A       32%         3
 Volatile Blastmotes      Fire/Tloc      14%        2d11      32%         3
 Fulminant Prism          Conj/Hex       3%         3d5       71%         4
 Iskenderun's Mystic Bla  Conj/Tloc      7%         2d4       71%         4
 Leda's Liquefaction      Hex/Erth       3%         N/A       71%         4
 Olgreb's Toxic Radiance  Pois           7%         N/A       71%         4
 Blade Hands              Tmut           3%         N/A       96%         5
 Lee's Rapid Deconstruct  Erth           3%         3d5*      96%         5
 Iron Shot                Conj/Erth      3%         9d2       100%        6
 Statue Form              Tmut/Erth      4%         N/A       100%        6
 Borgnjor's Revivificati  Necr           3%         N/A       100%        8
 Lehudib's Crystal Spear  Conj/Erth      3%         10d3      100%        8
 Necromutation            Tmut/Necr      3%         N/A       100%        8
 Death's Door             Necr           3%         N/A       100%        9


Dungeon Overview and Level Annotations

Branches:
Dungeon (13/15)            Temple (1/1) D:6            Lair (0/5) D:11
    Orc (0/2) D:10         Vaults (0/5) D:13          Sewer (visited)

Altars:
Ashenzari
Cheibriados
Dithmenos
Elyvilon
Fedhas
Gozag
Hepliaklqana
Kikubaaqudgha
Makhleb
Nemelex Xobeh
Okawaru
Qazlal
Ru
Sif Muna
Trog
Uskayaw
Vehumet
Wu Jian
Xom
Yredelemnul
Zin
The Shining One

Annotations:
D:9 1 runed translucent door, exclusion: orange demon, Amaemon
D:11 2 transporters


Innate Abilities, Weirdness & Mutations

((You are very nimble when in or above water. (Stealth+, EV+, Speed+++)))
Your lower body shifts to a powerful aquatic tail in water.


Message History

The skeletal warrior hits you with a +0 long sword!
Unknown command.
The skeletal warrior completely misses you.
Unknown command.
You hit the skeletal warrior.
The skeletal warrior is lightly damaged.
Your lightning spire shoots out a bolt of lightning at the skeletal warrior!
The bolt of electricity misses the skeletal warrior.
Unknown command.
You hit the skeletal warrior but do no damage.
The skeletal warrior is lightly damaged.
Unknown command.
You hit the skeletal warrior but do no damage.
Your lightning spire shoots out a bolt of lightning at the skeletal warrior!
The bolt of electricity hits the skeletal warrior!
Unknown command.
Unknown command.
Casting: Summon Lightning Spire (dangerous; 7% risk of failure)
Confirm with . or Enter, or press ? or * to list all spells.
Unknown command.
Unknown command.
Casting: Animate Armour (dangerous; 7% risk of failure)
Confirm with . or Enter, or press ? or * to list all spells.
The skeletal warrior hits you with a +0 war axe!!
The skeletal warrior hits you with a +0 long sword!!
* * * LOW HITPOINT WARNING * * *
Unknown command.
Unknown command.
The skeletal warrior attacks as you move away!
The skeletal warrior hits you with a +0 long sword!!
* * * LOW HITPOINT WARNING * * *
The skeletal warrior completely misses you.
Unknown command.
You hit the skeletal warrior but do no damage.
The skeletal warrior is lightly damaged.
The skeletal warrior misses you.
The skeletal warrior hits your warg with a +0 war axe!
The skeletal warrior hits your animated leather armour with a +0 war axe!
The skeletal warrior hits you with a +0 long sword!
You die...

....##...##............#.....#
.......#####..#.#.###.##.....#
.......# ##.#.......##....##
#....#.######.[..####.##)...####.
..####....##...).......#.........
...................z....####.....
..##########..##z###.##..###.....
#.# ########.###.##..###.........
#.###..).....###@##.## #####....z
.......#######..zz..# .....
.......# #..[h..# ..... .......#
#..8..## .^... ######## #######
#####


You could see 3 skeletal warriors, a friendly animated leather armour
(summoned), a friendly warg (summoned) and a friendly lightning spire
(summoned).

Vanquished Creatures
  A centaur warrior (D:12)
  A two-headed ogre (D:9)
  A skeletal warrior (D:13)
  Pikel (D:7)
  2 cyclopes
  A shining eye (shapeshifter) (D:13)
  A salamander (shapeshifter) (D:13)
  A black mamba (shapeshifter) (D:13)
  2 gargoyles (D:11)
  An unseen horror (D:10)
  A kobold demonologist (D:12)
  3 trolls
  A polar bear (D:10)
  2 wyverns
  An unseen horror simulacrum (D:10)
  15 yaks
  A basilisk (D:13)
  2 vampire mosquitoes (D:12)
  An acid dragon (D:12)
  6 ice beasts
  2 orc warriors (D:9)
  2 black bears (D:4)
  3 centaurs
  2 wolves
  A phantom (D:5)
  A kobold brigand (D:7)
  2 bullfrogs
  A scorpion (D:5)
  5 wights
  7 killer bees
  2 howler monkeys
  An electric eel (D:10)
  A jelly (D:6)
  A sleepcap (D:5)
  8 orc priests
  3 hounds
  3 iguanas
  4 orc wizards
  A nameless horror (D:10)
  3 gnolls (D:7)
  14 adders
  2 shadow imps
  9 white imps
  2 ufetubi (D:5)
  3 worms (D:3)
  2 dart slugs
  23 orcs
  6 ball pythons
  12 endoplasms
  7 giant cockroaches
  2 goblins
  5 hobgoblins
  2 jackals (D:3)
  9 quokkas
  4 bats
  9 frilled lizards
  12 kobolds
  4 rats
225 creatures vanquished.

Vanquished Creatures (collateral kills)
  A boulder beetle (D:12)
  A two-headed ogre (D:9)
  A skeletal warrior (D:13)
  A deep elf pyromancer (D:11)
  A cyclops (shapeshifter) (D:13)
  A gargoyle (D:13)
  2 trolls
  A hornet (D:11)
  2 wraiths
  A basilisk (shapeshifter) (D:13)
  2 yaks
  A basilisk (D:13)
  Grum (D:11)
  A vampire mosquito (D:12)
  A water moccasin (D:8)
  3 orc warriors
  A black bear (D:4)
  A sky beast (D:7)
  3 wolves
  A centaur (D:12)
  A phantom (D:3)
  A kobold brigand (D:11)
  A bullfrog (D:9)
  A killer bee (D:7)
  3 electric eels (D:7)
  A hound (D:5)
  A jelly (D:5)
  5 orc priests
  3 orc wizards
  4 adders
  A worm (D:5)
  A dart slug (D:3)
  10 orcs
  3 endoplasms
  4 giant cockroaches (Sewer)
  3 hobgoblins
  A jackal (D:3)
  7 kobolds
  A quokka (Sewer)
  3 ball pythons
  2 bats
  4 frilled lizards
  A goblin (D:2)
  4 rats
93 creatures vanquished.

Vanquished Creatures (others)
  An ugly thing (D:9)
  A komodo dragon (D:8)
  A hornet (D:10)
  6 yaks
  A steam dragon (D:7)
  A water moccasin (D:9)
  An orc warrior (D:8)
  2 ogres (D:6)
  A centaur (D:7)
  A wolf (D:11)
  3 wights
  2 killer bees (D:7)
  An electric eel (D:7)
  A jelly (D:6)
  Crazy Yiuf (D:7)
  4 orcs
28 creatures vanquished.

Grand Total: 346 creatures vanquished

Notes
Turn   | Place    | Note
-------+----------+-------------------------------------------
     0 | D:1      | cdecastro the Merfolk Summoner began the quest for the Orb.
     0 | D:1      | Reached XP level 1. HP: 13/13 MP: 3/3
   404 | D:1      | Reached XP level 2. HP: 8/19 MP: 1/5
   864 | D:1      | Reached XP level 3. HP: 22/24 MP: 6/6
  1145 | D:2      | Reached skill level 5 in Summonings
  1154 | D:2      | Learned a level 2 spell: Call Imp
  1158 | D:2      | Learned a level 3 spell: Call Canine Familiar
  1295 | D:2      | Reached XP level 4. HP: 28/30 MP: 4/7
  2232 | D:3      | Found a faded altar of an unknown god.
  2375 | D:3      | Noticed a phantom
  2393 | D:3      | Killed a phantom
  2394 | D:3      | Reached skill level 6 in Summonings
  2394 | D:3      | Reached XP level 5. HP: 35/35 MP: 4/8
  2782 | D:4      | Found a bloodstained altar of Trog.
  2782 | D:4      | Noticed a black bear
  2785 | D:4      | Noticed a black bear
  2894 | D:4      | Reached skill level 1 in Short Blades
  2927 | D:4      | Reached XP level 6. HP: 41/41 MP: 9/9
  2978 | D:4      | Identified the amulet "Inohen" {Acrobat rC+ Str+4 SInv}
  2985 | D:4      | Noticed a black bear
  3016 | D:4      | Killed a black bear
  3017 | D:4      | Reached skill level 7 in Summonings
  3405 | D:4      | Killed a black bear
  3501 | D:4      | Killed a black bear
  3502 | D:4      | Reached XP level 7. HP: 38/46 MP: 4/10
  3759 | D:5      | Entered Level 5 of the Dungeon
  3819 | D:5      | Reached skill level 5 in Short Blades
  3884 | D:5      | Found a shadowy altar of Dithmenos.
  4321 | D:5      | Found a glowing drain.
  4325 | Sewer    | Entered a sewer
  4479 | Sewer    | Learned a level 3 spell: Summon Guardian Golem
  4641 | Sewer    | Reached XP level 8. HP: 52/52 MP: 11/11
  4804 | D:5      | Reached skill level 8 in Summonings
  5402 | D:5      | Became a worshipper of Dithmenos the Shadowed
  5437 | D:6      | Found a staircase to the Ecumenical Temple.
  5771 | Temple   | Entered the Ecumenical Temple
  5941 | D:6      | Noticed a yak
  5941 | D:6      | Noticed a yak
  5941 | D:6      | Noticed a yak
  5941 | D:6      | Noticed a yak
  5941 | D:6      | Noticed a yak
  5960 | D:6      | Killed a yak
  5998 | D:6      | Killed a yak
  6007 | D:6      | Killed a yak
  6008 | D:6      | Reached XP level 9. HP: 50/57 MP: 6/12
  6125 | D:6      | Reached skill level 9 in Summonings
  6563 | D:6      | Reached skill level 10 in Short Blades
  6745 | D:6      | Reached * piety under Dithmenos
  7596 | D:7      | Reached skill level 5 in Stealth
  7725 | D:7      | Reached skill level 10 in Summonings
  7847 | D:7      | Found a glowing golden altar of the Shining One.
  7849 | D:7      | Found a shimmering altar of Xom.
  7969 | D:7      | Reached XP level 10. HP: 45/63 MP: 10/13
  8738 | D:7      | Reached ** piety under Dithmenos
  9088 | D:7      | Noticed Pikel
  9190 | D:7      | Killed Pikel
  9554 | D:7      | Found a runed translucent door.
  9555 | D:7      | Noticed Crazy Yiuf
  9564 | D:7      | Killed Crazy Yiuf
 10140 | D:8      | Reached skill level 5 in Dodging
 10891 | D:9      | Noticed Amaemon
 10891 | D:9      | Noticed an orange demon
 10954 | D:9      | Reached skill level 11 in Summonings
 11131 | D:9      | Reached *** piety under Dithmenos
 11132 | D:9      | Reached XP level 11. HP: 65/68 MP: 14/14
 11225 | D:9      | Reached skill level 1 in Invocations
 11409 | D:9      | Noticed a two-headed ogre
 11434 | D:9      | Killed a two-headed ogre
 11503 | D:9      | Noticed a green ugly thing
 11529 | D:9      | Killed a green ugly thing
 11567 | D:9      | Found a runed translucent door.
 11887 | D:9      | Noticed a two-headed ogre
 11907 | D:9      | Killed a two-headed ogre
 12163 | D:9      | Noticed an orc knight
 12170 | D:9      | Noticed a cyclops
 12175 | D:9      | Noticed a two-headed ogre
 12211 | D:10     | Entered Level 10 of the Dungeon
 12286 | D:10     | Reached skill level 1 in Fighting
 12488 | D:10     | Reached skill level 12 in Summonings
 12512 | D:10     | Reached **** piety under Dithmenos
 12858 | D:10     | Found a staircase to the Orcish Mines.
 12883 | D:10     | Learned a level 4 spell: Summon Lightning Spire
 13410 | D:10     | Reached skill level 5 in Fighting
 13870 | D:11     | Noticed a deep elf pyromancer
 13880 | D:11     | Killed a deep elf pyromancer
 13931 | D:11     | Found a transporter.
 13950 | D:11     | Noticed an orc sorcerer
 13954 | D:11     | Found a transporter.
 13977 | D:11     | Found a stormy altar of Qazlal.
 13984 | D:11     | Noticed Grum
 14002 | D:11     | Killed Grum
 14096 | D:11     | Noticed an orc sorcerer
 14141 | D:11     | Found a staircase to the Lair.
 14249 | D:11     | Reached XP level 12. HP: 75/88 MP: 10/15
 14775 | D:12     | Noticed a boulder beetle
 14811 | D:12     | Killed a boulder beetle
 15263 | D:12     | Reached ***** piety under Dithmenos
 15787 | D:13     | Noticed a centaur warrior
 16021 | D:12     | Killed a centaur warrior
 16022 | D:12     | Reached skill level 13 in Summonings
 16269 | D:13     | Found a gate to the Vaults.
 16273 | D:13     | a wolf spider changed into a skyshark
 16273 | D:13     | Noticed a skyshark (glowing shapeshifter)
 16274 | D:13     | a skyshark changed into a faun
 16302 | D:13     | Reached skill level 5 in Spellcasting
 16677 | D:12     | Learned a level 4 spell: Animate Armour
 17188 | D:13     | Slain by a skeletal warrior

Illustrated notes

Levels and vault maps discovered:
D:1:      lemuel_arrival_lava_pool, layout_basic, chequers_serial_rivers_marsh,
          minmay_pentomino_p4
D:2:      layout_rooms
D:3:      layout_loops_cross, dreamdust_ecumenical_altar_grove, minmay_ruptured
D:4:      layout_basic, trog_ov_bears_minmay
D:5:      layout_gridville, mainiacjoe_overflow_24_doors, gup_sewer_entry_bowl
D:6:      nicolae_cairo_tiling, layout_rooms, minmay_temple_entry_mini_moons,
          kennysheep_generic_room_8
D:7:      cheibrodos_helix_gallery, layout_loops_ring, nicolae_overflow_squiral,
          uniq_pikel, uniq_crazy_yiuf_cottage
D:8:      layout_loops_cross
D:9:      layout_roguey, minivault_13, uniq_amaemon
D:10:     layout_loops_ring, orc_0_dummy, serial_ice, serial_ice_o,
          serial_ice_i, serial_ice_e, serial_ice_c, serial_ice_n, serial_ice_m,
          minivault_16
D:11:     gammafunk_wand_slinger, layout_cave_pools, lair_entry_dummy,
          minmay_misc_feat_five, nicolae_qazlal_scattered_showers, uniq_grum
D:12:     layout_stronghold, minmay_misc_feat_secret_circle
D:13:     layout_rooms, david_vaults_2
Temple:   regret_index_temple_mists

Skill      XL: |  1  2  3  4  5  6  7  8  9 10 11 12 |
---------------+-------------------------------------+-----
Summonings     | 5 6 7 8 10 11 12 13 | 13.5
Short Blades   | 1 4 6 9 10 | 10.6
Stealth        | 6 8 |  8.1
Dodging        | 8 9 |  9.2
Invocations    | 4 |  4.5
Fighting       | 6 7 |  7.0
Spellcasting   | 6 |  6.8

Action                     |  1- 3 |  4- 6 |  7- 9 | 10-12 || total
---------------------------+-------+-------+-------+-------++-------
  Melee: Dagger            |    44 |       |       |       ||    44
         Staff             |     3 |       |       |       ||     3
         Unarmed           |     3 |       |       |       ||     3
         Short sword       |    36 |   156 |   309 |   633 ||  1134
         Punch             |       |     1 |     5 |    11 ||    17
         Tailslap          |       |       |     4 |     2 ||     6
   Cast: Summon Small Mamm |    27 |     7 |       |       ||    34
         Call Imp          |       |    15 |    12 |    10 ||    37
         Call Canine Famil |       |     5 |    30 |    37 ||    72
         Summon Guardian G |       |       |    21 |    33 ||    54
         Summon Lightning  |       |       |       |    16 ||    16
         Animate Armour    |       |       |       |     3 ||     3
    Use: Scroll            |       |       |     5 |     3 ||     8
   Stab: Sleeping          |     2 |     2 |     6 |    21 ||    31
         Distracted        |     1 |     1 |     3 |     7 ||    12
 Armour: Robe              |    19 |    10 |       |       ||    29
         Leather armour    |       |    35 |    61 |    92 ||   188
  Dodge: Dodged            |    70 |   124 |   185 |   384 ||   763
